 Dungeon Crawl Stone Soup version 0.30-a0-760-g5a9884bb7c (webtiles) character file.

Game seed: 5607726362973606392

6897 KennySheep the Thaumaturge (level 11, -4/79 HPs)
             Began as a Djinni Transmuter on Feb 10, 2023.
             Was a High Priest of Elyvilon.
             Killed by an exploding water moccasin (15 damage)
             ... ignited by their inner flame
             ... on level 9 of the Dungeon.
             The game lasted 00:25:08 (10740 turns).

KennySheep the Thaumaturge (Djinni Transmuter)     Turns: 10740, Time: 00:25:10

Health: -4/79      AC:  8    Str: 11    XL:     11   Next: 27%
Gold:   624        EV: 12    Int: 22    God:    Elyvilon [*****.] SH:  0 Dex: 15

rFire   + + .      SeeInvis .      - Unarmed
rCold   x . .      Faith    .    (no shield)
rNeg    + . .      Spirit   .    x - +3 leather armour
rPois   ∞          Reflect  .    o - +0 helmet
rElec   .          Harm     .    (no cloak)
rCorr   .          Rampage  .    F - +0 pair of gloves
Will    +....                    (boots unavailable)
Stlth   +                        (no amulet)
HPRegen 0.33/turn                i - ring of positive energy
MPRegen 0.00/turn                b - +6 ring of intelligence

@: flying, invisible
A: sickness immunity, fire resistance 2, cold vulnerability 1, float, innate
caster, HP casting, extra vitality 1
a: Renounce Religion, Purification, Heal Other, Heal Self, Divine Vigour


You were on level 9 of the Dungeon.
You worshipped Elyvilon.
Elyvilon was extremely pleased with you.
You visited 1 branch of the dungeon, and saw 9 of its levels.
You also visited: Sewer and Ossuary.

You collected 624 gold pieces.

Inventory:

Missiles
 u - 2 throwing nets
Armour
 a - a +1 robe
 o - a +0 helmet (worn)
 x - a +3 leather armour (worn)
 F - a +0 pair of gloves (worn)
Magical Staves
 e - a staff of air
 h - a staff of fire
Jewellery
 b - a +6 ring of intelligence (right hand)
 i - a ring of positive energy (left hand)
 t - a +4 ring of slaying
Wands
 v - a wand of paralysis (2)
Scrolls
 k - 3 scrolls of amnesia
 l - 2 scrolls of enchant weapon
 r - 2 scrolls of fog
 y - 2 scrolls of enchant armour
 z - a scroll of torment
 A - 3 scrolls of identify
 B - 2 scrolls of magic mapping
Potions
 c - a potion of resistance {unknown}
 d - 8 potions of curing
 f - a potion of cancellation {unknown}
 g - a potion of invisibility
 n - 4 potions of mutation
 p - 4 potions of degeneration {unknown}
 q - a potion of magic {unknown}
 s - a potion of might
 w - 2 potions of brilliance
 C - a potion of haste {unknown}
 D - a potion of flight {unknown}
 E - a potion of ambrosia {unknown}


   Skills:
 + Level 7.4 Fighting
 - Level 2.1 Dodging
 + Level 8.1 Unarmed Combat
 * Level 8.3 Spellcasting
 + Level 7.2 Invocations


You had 4 spell levels left.
You knew the following spells:

 Your Spells              Type           Power      Damage    Failure   Level
a - Beastly Appendage     Tmut           92%        N/A       1%          1
b - Wereblood             Tmut           46%        N/A       1%          2
c - Spider Form           Tmut/Pois      46%        N/A       1%          3
d - Animate Armour        Summ/Erth      92%        N/A       3%          4
e - Kiss of Death         Conj/Necr      100%       2d13      1%          1
f - Scorch                Fire           92%        2d9       1%          2
g - Momentum Strike       Conj/Tloc      92%        3d10      1%          2
h - Summon Guardian Gole  Hex/Summ       46%        N/A       1%          3
z - Ice Form              Ice/Tmut       46%        N/A       3%          4
Your spell library was empty.

Dungeon Overview and Level Annotations

Branches:
Dungeon (9/15)             Temple (0/1) D:7           Sewer (visited)
Ossuary (visited)
   Lair: D:8-11         Orc: D:9-12

Altars:
Cheibriados
Elyvilon
Makhleb
Okawaru
Wu Jian
Zin
The Shining One

Shops:
D:3 *

Annotations:
D:8 exclusion: two-headed ogre


Innate Abilities, Weirdness & Mutations

You are immune to sickness and miasma.
You are immune to poison.
Your flesh is very heat resistant. (rF++)
You are vulnerable to cold. (rC-)
You float through the air rather than walking.
You learn spells naturally, not from books.
Your magical power is your life essence.
You have superior vitality. (+4 MHP)


Message History

The wyvern bites you but does no damage.
The wyvern is no longer more vulnerable to fire.
The water moccasin bites you!
* * * LOW HITPOINT WARNING * * *
Okay, then.
Okay, then.
You fade into invisibility!
The water moccasin bites you but does no damage.
The water moccasin misses you. The water moccasin barely misses you.
As you read the scroll labelled IRUTHA IDOONK, it crumbles to dust.
The creatures around you are filled with an inner flame!
It was a scroll of immolation.
The water moccasin misses you.
The basilisk is engulfed in poison gas.
The basilisk is poisoned.
Flame seeps out of the basilisk.
The steam dragon is engulfed in poison gas.
The steam dragon looks even sicker.
Flame seeps out of the steam dragon.
The wyvern bites your guardian golem! The water moccasin closely misses you.
The water moccasin misses you.
Okay, then.
Casting: Scorch (safe; 1% risk of failure)
Confirm with . or Enter, or press ? or * to list all spells.
A guardian golem appears, shielding your allies.
* * * LOW HITPOINT WARNING * * *
The water moccasin barely misses you.
The water moccasin bites you but does no damage.
The basilisk is engulfed in poison gas.
The basilisk looks even sicker.
The basilisk explodes!
The fiery explosion engulfs the water moccasin!!!
The water moccasin explodes!
The fiery explosion engulfs the water moccasin!
Flame seeps out of the water moccasin.
The water moccasin is heavily wounded.
The fiery explosion engulfs the water moccasin!!
The water moccasin explodes!
The fiery explosion engulfs you! You resist.
* * * LOW HITPOINT WARNING * * *
The fiery explosion engulfs the water moccasin!!!
The water moccasin explodes!
The fiery explosion engulfs you! You resist.
You die...

# #.##.#..#.###.#.#...# #. #
#####.#.....#.#.....#...# #.
######.......#...#.....#
##### #.
...........#.....#.....#
.#####.
..................<###.#
.......
<#####.#.......#.#.###.#
#..... .#
#.......))._......#....#....
.#
#.........#9##.#####....#..#
.# #........##@§#.#
#....###. .#
#.#....####○§#.## #...###..
.# #.#....####☼§#..#
#..#..#.. .#
#.....9l..§☼§##.# #.#....#.
.# ##..#Sl.l°§○☼##.#
#.#.....# #.##.#########.#
#........ #. #.# #.#
##....... #. #☼# #.#
#.###### #. #S# #.# #.#


You could see a friendly guardian golem (summoned).

Vanquished Creatures
  A two-headed ogre (D:9)
  Joseph (D:7)
  A shadow (D:9)
  2 humans (D:8)
  2 basilisks (D:9)
  5 yaks (D:8)
  3 water moccasins (D:9)
  Duvessa (D:7)
  5 orc warriors
  A sky beast (D:7)
  2 ice beasts
  2 black bears
  4 centaurs
  A wolf (D:9)
  3 phantoms
  5 kobold brigands
  An elf zombie (Ossuary)
  A necrophage (D:7)
  A bullfrog (D:6)
  4 scorpions
  9 wights
  Dowan (D:7)
  4 howler monkeys
  A centaur zombie (Ossuary)
  3 human zombies (Ossuary)
  2 orc priests (D:8)
  A gnoll bouda (D:9)
  4 hounds
  4 iguanas
  4 orc wizards
  2 hound zombies (Ossuary)
  3 mummies (Ossuary)
  3 gnolls
  10 adders
  4 river rats (Sewer)
  A white imp (D:4)
  An ufetubus (D:5)
  5 adder zombies (Ossuary)
  6 worms
  A dart slug (D:4)
  13 orcs
  6 ball pythons
  6 bats
  14 endoplasms
  7 giant cockroaches
  A gnoll zombie (Ossuary)
  3 goblins
  9 hobgoblins
  5 jackals
  21 kobolds
  A quokka (D:5)
  2 frilled lizards (D:1)
  3 goblin zombies (Ossuary)
  A hobgoblin zombie (Ossuary)
  4 jackal zombies (Ossuary)
  6 kobold zombies (Ossuary)
  3 orc zombies (Ossuary)
  2 quokka zombies (Ossuary)
  15 rats
  3 rat zombies (Ossuary)
240 creatures vanquished.

Vanquished Creatures (others)
  A two-headed ogre (D:9)
  A wolf (D:9)
  A wight (D:9)
  6 plants (D:9)
9 creatures vanquished.

Grand Total: 249 creatures vanquished

Notes
Turn   | Place    | Note
-------+----------+-------------------------------------------
     0 | D:1      | KennySheep the Djinni Transmuter began the quest for the
                  | Orb.
     0 | D:1      | KennySheep set off with the following spells memorised:
                  | Beastly Appendage, Wereblood, Spider Form, Ice Form.
     0 | D:1      | Reached XP level 1. HP: 17/17 MP: 0/0
   103 | D:1      | Reached XP level 2. HP: 21/22 MP: 0/0
   378 | D:1      | Found a faded altar of an unknown god.
   480 | D:1      | Prayed at the altar of an unknown god.
   480 | D:1      | Became a worshipper of Elyvilon the Healer
   480 | D:1      | Reached * piety under Elyvilon
   501 | D:1      | Reached XP level 3. HP: 18/27 MP: 0/0
   501 | D:1      | Learned a level 1 spell: Kiss of Death
   853 | D:2      | Identified the +4 falchion of Uggihikh {venom, rElec rPois
                  | rF+}
  1613 | D:3      | Reached XP level 4. HP: 29/33 MP: 0/0
  1675 | D:3      | Reached ** piety under Elyvilon
  1719 | D:3      | Reached skill level 1 in Invocations
  1784 | D:3      | Noticed a phantom
  1807 | D:3      | Killed a phantom
  1808 | D:3      | Reached XP level 5. HP: 5/38 MP: 0/0
  1808 | D:3      | Learned a level 2 spell: Scorch
  2283 | D:3      | Found Zin's Purification Station.
  2287 | D:3      | Found a glowing silver altar of Zin.
  2357 | D:3      | Found a burning altar of Makhleb.
  2357 | D:3      | Noticed a balrug
  2777 | D:4      | Reached XP level 6. HP: 41/45 MP: 0/0
  2984 | D:4      | Reached *** piety under Elyvilon
  3164 | D:4      | Reached XP level 7. HP: 43/50 MP: 0/0
  3164 | D:4      | Learned a level 2 spell: Momentum Strike
  3526 | D:5      | Entered Level 5 of the Dungeon
  3630 | D:5      | Found a glowing drain.
  3658 | Sewer    | Entered a sewer
  4425 | Sewer    | Reached XP level 8. HP: 55/57 MP: 0/0
  4709 | D:5      | Reached skill level 5 in Unarmed Combat
  4971 | D:5      | Found a snail-covered altar of Cheibriados.
  5012 | D:6      | Reached **** piety under Elyvilon
  5018 | D:6      | Reached skill level 5 in Spellcasting
  5168 | D:6      | Found a white marble altar of Elyvilon.
  5171 | D:6      | Found a glowing golden altar of the Shining One.
  5631 | D:6      | Reached ***** piety under Elyvilon
  5728 | D:6      | You are sucked into a shaft and drop 2 floors!
  5733 | D:7      | Noticed Duvessa
  5733 | D:7      | Noticed Dowan
  5737 | D:7      | Killed Dowan
  5742 | D:7      | Killed Duvessa
  5743 | D:7      | Reached XP level 9. HP: 13/63 MP: 0/0
  5743 | D:7      | Learned a level 3 spell: Summon Guardian Golem
  5886 | D:7      | Found a sand-covered staircase.
  5938 | Ossuary  | Entered an ossuary
  6176 | Ossuary  | Reached skill level 5 in Fighting
  6969 | D:6      | Reached skill level 5 in Invocations
  7418 | D:7      | Noticed Joseph
  7803 | D:7      | Killed Joseph
  8030 | D:7      | Found a staircase to the Ecumenical Temple.
  8235 | D:7      | Reached XP level 10. HP: 57/72 MP: 0/0
  8704 | D:8      | Elyvilon protects you from harm!
  8728 | D:8      | HP: 1/72 [orc priest/divine providence (12)]
  9187 | D:8      | Found an iron altar of Okawaru.
  9566 | D:8      | Noticed a two-headed ogre
  9658 | D:8      | Found an ornate altar of the Wu Jian Council.
 10202 | D:9      | Noticed a two-headed ogre
 10209 | D:9      | Killed a two-headed ogre
 10210 | D:9      | Reached XP level 11. HP: 70/79 MP: 0/0
 10210 | D:9      | Learned a level 4 spell: Animate Armour
 10291 | D:9      | Noticed a two-headed ogre
 10296 | D:9      | Killed a two-headed ogre
 10740 | D:9      | Killed by an exploding water moccasin... ignited by their
                  | inner flame

Illustrated notes

Levels and vault maps discovered:
D:1:      saegor_arrival_simple_d, layout_basic,
          hellmonk_ecumenical_altar_lost_god
D:2:      layout_rooms, minmay_rat_gold_closets
D:3:      layout_loops_ring, makhleb_altar_promises_db, zin_purify,
          nrook_mini_backslash, feat_on_display
D:4:      layout_loops_ring, minmay_fractal_squares_diagonal_5
D:5:      layout_rooms, overflow_temple_1_default, gup_sewer_entry_pipe
D:6:      layout_layer_cave, grunt_temple_overflow_open
D:7:      nicolae_whirlpool, layout_basic, temple_doors_e, enter_ossuary_2,
          uniq_duvessa, uniq_joseph
D:8:      layout_loops_ring, pdpol_wu_jian_five_deadly_venoms, okawaru_humans
D:9:      layout_loops_ring, lemuel_crystal_altar, minmay_lair_entry_grove,
          minmay_misc_feat_columns, minmay_misc_feat_chi

Skill      XL: |  1  2  3  4  5  6  7  8  9 10 11 |
---------------+----------------------------------+-----
Spellcasting   | 2 3 4 5 6 7 8 |  8.3
Invocations    | 1 2 3 4 5 6 7 |  7.2
Fighting       | 2 3 4 5 7 |  7.4
Unarmed Combat | 4 5 6 7 8 |  8.1
Dodging        | |  2.1

Action                     |  1- 3 |  4- 6 |  7- 9 | 10-12 || total
---------------------------+-------+-------+-------+-------++-------
  Melee: Unarmed           |   155 |    35 |   124 |    26 ||   340
         Headbutt          |    15 |     7 |       |       ||    22
         Punch             |     2 |       |     1 |       ||     3
   Cast: Beastly Appendage |    22 |     5 |       |       ||    27
         Scorch            |       |    40 |   160 |   116 ||   316
         Momentum Strike   |       |       |     3 |       ||     3
         Ice Form          |       |       |     8 |     2 ||    10
         Summon Guardian G |       |       |       |     5 ||     5
         Animate Armour    |       |       |       |     3 ||     3
 Invoke: Heal Self         |       |       |     1 |     1 ||     2
  Evoke: Wand              |       |       |       |     2 ||     2
    Use: Scroll            |     1 |     1 |    12 |     3 ||    17
         Potion            |       |     1 |     2 |     3 ||     6
   Stab: Sleeping          |     2 |     2 |       |       ||     4
 Armour: Robe              |    32 |     5 |     5 |       ||    42
         Skin              |       |     4 |    65 |    10 ||    79
         Leather armour    |       |       |     5 |    11 ||    16
  Dodge: Dodged            |   102 |    20 |   104 |    52 ||   278

Table legend: (Time is in decaauts)
 A = Elapsed time spent in this place.
 B = Non-inter-level travel time spent in this place.
 C = Inter-level travel time spent in this place.
 D = Time resting spent in this place.
 E = Time spent auto-exploring this place.
 F = Levels seen in this place.
 G = Mean time per level.
                   A        B        C        D        E       F      G
               +--------+--------+--------+--------+--------+-----+--------+
         Total |  10708 |  10426 |    282 |   1172 |   7328 |  11 |  973.5 |
       Dungeon |   9483 |   9201 |    282 |   1155 |   6490 |   9 | 1053.7 |
         Sewer |    819 |    819 |      0 |     17 |    626 |   1 |  819.0 |
       Ossuary |    406 |    406 |      0 |      0 |    212 |   1 |  406.0 |
               +--------+--------+--------+--------+--------+-----+--------+

Top non-repeatable levels by time:
     D:8: 1633 daAuts
     D:7: 1512 daAuts
     D:6: 1405 daAuts
     D:3: 1104 daAuts
   Sewer: 819 daAuts
     D:4: 814 daAuts
     D:2: 812 daAuts
     D:1: 781 daAuts
     D:5: 780 daAuts
     D:9: 638 daAuts
 Ossuary: 406 daAuts
